 Dungeon Crawl Stone Soup version 0.23.2-1-ga50397a (webtiles) character file.

Game seed: 2984247622946481294

67 dvd the Skirmisher (level 4, -8/35 HPs)
             Began as a Mummy Fighter on May 9, 2019.
             Killed by divine providence
             ... invoked by an orc priest
              (12 damage)
             ... on level 2 of the Dungeon.
             The game lasted 00:02:33 (1272 turns).

dvd the Skirmisher (Mummy Fighter)                  Turns: 1272, Time: 00:02:33

Health: -8/35      AC:  7    Str: 20    XL:     4   Next: 0%
Magic:  4/4        EV:  7    Int:  7    God:
Gold:   62         SH:  9    Dex: 11    Spells: 3/3 levels left

rFire    x . .     SeeInvis .   a - +0 war axe
rCold    + . .     Gourm    .   c - +0 shield
rNeg     + + +     Faith    .   b - +0 scale mail
rPois    ∞         Spirit   .   f - +0 helmet
rElec    .         Reflect  .   (no cloak)
rCorr    .         Harm     .   (no gloves)
MR       .....                  (no boots)
Stlth    ..........             (no amulet)
HPRegen  0.11/turn              (no ring)
MPRegen  0.09/turn              (no ring)

@: no status effects
A: no food or potions, fire vulnerability, cold resistance 1, negative energy
resistance 3, torment resistance, unbreathing
a: no special abilities


You were on level 2 of the Dungeon.
You were not hungry.

You visited 1 branch of the dungeon, and saw 2 of its levels.

You collected 62 gold pieces.

Inventory:

Hand Weapons
 a - a +0 war axe (weapon)
Missiles
 g - 3 tomahawks (quivered)
Armour
 b - a +0 scale mail (worn)
 c - a +0 shield (worn)
 f - a +0 helmet (worn)
 n - a +0 chain mail
Scrolls
 d - a scroll of magic mapping {unknown}
 e - a scroll of immolation {unknown}
 h - 2 scrolls of remove curse {unknown}
 i - 2 scrolls of teleportation {unknown}
 j - a scroll of enchant armour {unknown}
 k - 3 scrolls of identify {unknown}
 l - a scroll of amnesia {unknown}
 m - a scroll of noise {unknown}


   Skills:
 + Level 3.3 Fighting
 + Level 2.2 Axes
 + Level 1.0 Throwing
 + Level 2.8 Armour
 + Level 0.3 Dodging
 + Level 2.7 Shields


You had 3 spell levels left.
You didn't know any spells.
Your spell library contained the following spells:

 Spells                   Type           Power        Failure   Level  Hunger
 Summon Butterflies       Summ           #.......     100%        1    N/A

Dungeon Overview and Level Annotations

Branches:
Dungeon (2/15)

Altars:
Dithmenos
Kikubaaqudgha
Sif Muna
Vehumet


Innate Abilities, Weirdness & Mutations

You do not eat or drink.
Your flesh is vulnerable to fire.
You are immune to poison.
Your flesh is cold resistant. (rC+)
You are immune to negative energy. (rN+++)
You are immune to unholy pain and torment.
You can survive without breathing.


Message History

Beogh smites you!
The orc priest hits you with a +0 hand axe.
You barely miss the orc priest. You block the orc priest's attack.
The orc priest mumbles some strange prayers to Beogh against you.
Beogh smites you!
* * * LOW HITPOINT WARNING * * *
You hit the orc priest.
The orc priest is lightly wounded.
The orc priest begins to cast a cantrip, but forgets the words!
You barely miss the orc priest.
The orc priest is lightly wounded.
The orc priest looks encouraged for a moment.
The orc priest hits you but does no damage.
Your shield and scale mail prevent you from hitting the orc priest.
The orc priest hits you but does no damage.
You hit the orc priest.
The orc priest is heavily wounded.
The orc priest calls down the wrath of Beogh upon you.
Beogh smites you!
You die...

#.##.##..####..#
#.#.##...........#
####.#.#####.....#..#
#.......####.<###.#.#
...##.#..............#
...#......####...## ###
#.#.##.# #...#
#######.#.##.# #...#
......o@.).†)# #...#
..#.#...#.#..####...####
#...................
#...................
#.....#.............
#........##.#....###
...#..###.##.#....#
####... .>##.#....# ##.
#####.#....#


You could see an orc priest.

Vanquished Creatures
  2 adders (D:2)
  A leopard gecko (D:2)
  3 orcs (D:2)
  A giant cockroach (D:2)
  10 goblins
  9 hobgoblins
  2 bats (D:2)
  7 frilled lizards
  5 kobolds
  4 rats
44 creatures vanquished.

Notes
Turn   | Place    | Note
-------+----------+-------------------------------------------
     0 | D:1      | dvd the Mummy Fighter began the quest for the Orb.
     0 | D:1      | Reached XP level 1. HP: 18/18 MP: 1/1
    98 | D:1      | Reached XP level 2. HP: 12/24 MP: 2/2
   660 | D:2      | Reached XP level 3. HP: 29/29 MP: 3/3
   794 | D:2      | Found a radiant altar of Vehumet.
   800 | D:2      | Found an ancient bone altar of Kikubaaqudgha.
   801 | D:2      | Found a deep blue altar of Sif Muna.
   807 | D:2      | Identified Sif Muna's Papyrus of Creation
  1078 | D:2      | Found a shadowy altar of Dithmenos.
  1253 | D:2      | Reached skill level 1 in Throwing
  1264 | D:2      | Reached XP level 4. HP: 35/35 MP: 4/4
  1272 | D:2      | Killed from afar by an orc priest

Skill      XL: |  1  2  3 |
---------------+----------+-----
Axes           | 2 |  2.2
Throwing       | 1 |  1.0
Fighting       | |  3.3
Armour         | |  2.8
Dodging        | |  0.3
Shields        | |  2.7

Action                   |  1- 3 |  4- 6 || total
-------------------------+-------+-------++-------
Melee: War axe           |   118 |     5 ||   123
Throw: Tomahawk          |    20 |       ||    20
Armor: Scale mail        |    67 |     2 ||    69
Dodge: Dodged            |    39 |       ||    39
Block: Shield            |    56 |     1 ||    57
